 Dungeon Crawl Stone Soup version 0.30-a0-141-g30f27751c5 (webtiles) character file.

Game seed: 14936788662206291794

51488 porpoise the Spear-Bearer (level 14, -1/106 HPs)
             Began as a Demonspawn Gladiator on Sept 26, 2022.
             Was the Champion of Fedhas.
             Slain by a reaper
             ... wielding a +2 scythe of freezing
              (30 damage)
             ... on level 2 of the Abyss.
             The game lasted 01:06:47 (20968 turns).

porpoise the Spear-Bearer (Demonspawn Gladiator)   Turns: 20968, Time: 01:06:47

Health: -1/106     AC: 11    Str: 26      XL:     14   Next: 23%
Magic:  23/23      EV: 29    Int:  5 (7)  God:    Fedhas [******]
Gold:   1670       SH:  0    Dex: 15      Spells: 13/13 levels left

rFire   . . .      SeeInvis +    a - +0 trident (flame)
rCold   + . .      Faith    .    (no shield)
rNeg    . . .      Spirit   .    I - +0 swamp dragon scales
rPois   +          Reflect  .    (helmet restricted)
rElec   .          Harm     .    y - scarf {repulsion}
rCorr   .          Rampage  .    (no gloves)
Will    ++...                    m - +1 pair of boots
Stlth   +.........               K - amulet of the acrobat
HPRegen 0.27/turn                M - ring of willpower
MPRegen 0.18/turn                j - +6 ring of strength

@: acrobatic, repel missiles
A: slimy green scales 2, powered by death 2, spiny 1, demonic touch 2, horns 1,
see invisible, cold resistance 1, deformed body, dopey 1, frail 1, no potion
heal 2
a: Renounce Religion, Wall of Briars, Grow Ballistomycete, Overgrow, Grow Oklob


You were on level 2 of the Abyss.
You worshipped Fedhas.
Fedhas was exalted by your worship.
You visited 3 branches of the dungeon, and saw 19 of its levels.
You visited the Abyss 1 time.
You also visited: Ossuary.

You collected 1758 gold pieces.
You spent 88 gold pieces at shops.

Inventory:

Hand Weapons
 a - a +0 trident of flaming (weapon)
 b - a +0 sling
Missiles
 d - a throwing net
 l - 3 atropa-tipped darts
 r - 6 poisoned darts
 G - 3 curare-tipped darts (quivered)
Armour
 i - a +0 troll leather armour
 m - a +1 pair of boots (worn)
 y - a scarf of repulsion (worn)
 I - +0 swamp dragon scales (worn)
Jewellery
 j - a +6 ring of strength (right hand)
 s - a ring of fire
 D - a ring of flight
 K - an amulet of the acrobat (around neck)
 M - a ring of willpower (left hand)
Wands
 e - a wand of quicksilver (10)
 h - a wand of roots (16)
 q - a wand of flame (23)
 w - a wand of charming (14)
 Q - a wand of mindburst (4)
Scrolls
 c - a scroll of summoning
 g - 12 scrolls of identify
 n - 8 scrolls of fog
 p - 3 scrolls of fear
 v - a scroll of poison
 z - 5 scrolls of teleportation
 C - a scroll of vulnerability
 P - a scroll of blinking
Potions
 f - a potion of mutation
 k - a potion of flight
 o - 2 potions of invisibility
 t - a potion of berserk rage
 u - 8 potions of curing
 x - 3 potions of lignification
 A - a potion of might
 B - 3 potions of heal wounds
 L - 5 potions of attraction
 N - 2 potions of haste
 R - a potion of resistance


   Skills:
 + Level 13.1 Fighting
 - Level 14.0 Polearms
 - Level 3.8 Throwing
 - Level 7.0 Armour
 - Level 7.0 Dodging
 - Level 12.0 Invocations
 - Level 7.0 Evocations


You had 13 spell levels left.
You didn't know any spells.
Your spell library contained the following spells:

 Spells                   Type           Power      Damage    Failure   Level
 Beastly Appendage        Tmut           0%         N/A       58%         1
 Foxfire                  Conj/Fire      0%         2x1d4     58%         1
 Cigotuvi's Dreadful Rot  Necr/Pois/Air  0%         N/A       75%         2
 Sublimation of Blood     Necr           0%         N/A       75%         2
 Wereblood                Tmut           0%         N/A       75%         2
 Frozen Ramparts          Ice            0%         1d1       92%         3
 Ignite Poison            Fire/Tmut/Pois 0%         N/A       92%         3
 Inner Flame              Hex/Fire       0%         N/A       92%         3
 Kindle Blastsparks       Fire/Tloc/Air  0%         2d10      92%         3
 Mephitic Cloud           Conj/Pois/Air  0%         N/A       92%         3
 Spider Form              Tmut/Pois      0%         N/A       92%         3
 Anguish                  Hex/Necr       0%         N/A       100%        4
 Cause Fear               Hex            0%         N/A       100%        4
 Flame Wave               Conj/Fire      0%         2d4       100%        4
 Ice Form                 Ice/Tmut       0%         N/A       100%        4
 Petrify                  Tmut/Erth      0%         N/A       100%        4
 Sticky Flame             Conj/Fire      0%         2d3       100%        4
 Summon Ice Beast         Ice/Summ       0%         N/A       100%        4
 Fireball                 Conj/Fire      0%         3d3       100%        5
 Irradiate                Conj/Tmut      0%         3d11      100%        5
 Iskenderun's Battlesphe  Conj           0%         2d6       100%        5
 Summon Forest            Summ/Tloc      0%         N/A       100%        5
 Conjure Ball Lightning   Conj/Air       0%         3x3d6     100%        6
 Eringya's Noxious Bog    Tmut/Pois      0%         N/A       100%        6
 Enfeeble                 Hex            0%         N/A       100%        7
 Orb of Destruction       Conj           0%         9d5       100%        7
 Summon Hydra             Summ           0%         N/A       100%        7
 Discord                  Hex            0%         N/A       100%        8
 Disjunction              Tloc           0%         N/A       100%        8


Dungeon Overview and Level Annotations

Branches:
Dungeon (13/15)            Temple (1/1) D:7            Lair (5/5) D:10
 Shoals (0/4) Lair:2       Spider (0/4) Lair:2        Slime (0/5) Lair:4
    Orc (0/2) D:11        Ossuary (visited)
 Vaults: D:13-14

Altars:
Ashenzari
Cheibriados
Dithmenos
Fedhas
Gozag
Hepliaklqana
Kikubaaqudgha
Makhleb
Nemelex Xobeh
Okawaru
Qazlal
Ru
Sif Muna
Trog
Uskayaw
Vehumet
Wu Jian
Xom
Yredelemnul
Jiyva

Shops:
D:3 *   D:9 (

Annotations:
D:7 exclusion: upstairs
D:10 exclusion: upstairs
Lair:4 3 runed translucent doors, Piwky's ghost, journeyman TrMo


Innate Abilities, Weirdness & Mutations

You are mostly covered in slimy green scales. (AC +3)
You regenerate health from kills.
You are partially covered in sharp spines.
Your touch may inflict irresistible damage on your foes.
You have a pair of small horns on your head.
You have supernaturally acute eyesight. (SInv)
Your flesh is cold resistant. (rC+)
Armour fits poorly on your strangely shaped body.
You are dopey. (Int -2)
You are frail. (-10% HP)
Potions cannot restore your health.


Message History

You kill the neqoxec!
Fedhas accepts your kill.
The centaur warrior simulacrum closely misses you.
The centaur warrior simulacrum barely misses you.
You hit the centaur warrior simulacrum.
You melt the centaur warrior simulacrum.
You headbutt the centaur warrior simulacrum, but do no damage.
The centaur warrior simulacrum is lightly damaged.
The centaur warrior simulacrum is struck by your spines.
The centaur warrior simulacrum misses you.
The centaur warrior simulacrum kicks you but does no damage.
You puncture the centaur warrior simulacrum!
You melt the centaur warrior simulacrum!
The centaur warrior simulacrum vaporises!
Fedhas accepts your kill.
You start resting.
A starcursed mass comes into view.
A starcursed mass is nearby!
A neqoxec comes into view.
The neqoxec shouts!
A reaper comes into view. It is wielding a +2 scythe of freezing.
The neqoxec gestures at you.
Strange energies course through your body.
Your body twists and deforms.
The neqoxec hits you.
You hit the neqoxec but do no damage. Your touch misses the neqoxec.
The neqoxec gestures at you.
Strange energies course through your body.
Your system completely rejects the healing effects of potions.
You hit the neqoxec. You burn the neqoxec. Your headbutt misses the neqoxec.
Your touch misses the neqoxec.
The neqoxec is moderately wounded.
The reaper hits you from afar with a +2 scythe of freezing!!
* * * LOW HITPOINT WARNING * * *
The reaper freezes you.
* * * LOW HITPOINT WARNING * * *
The neqoxec is struck by your spines. The neqoxec completely misses you.
The reaper hits you with a +2 scythe of freezing!!
You die...
Fedhas appreciates your contribution to the ecosystem.

##.# #≈~~ .###...###..≈
~ .#. ..#.....#..~#~♣≈
. .. ..........≈≈~~~ #
.. #.....#..~~≈~≈ #...
#.......~~~~≈ . ##.##
##.#..#..~~≈~ ## ##..
###....@2....~~ ..
#.....#....3.'...~~.
..............###......
##.....#....# .....≈
##...###...# ##'##
##.## ##.## .# #...
#...# . # . ##...
...... ..... ..........
.


You could see a reaper and a neqoxec.

Vanquished Creatures
  A lich (Abyss:2)
  5 hydras
  A centaur warrior (D:13)
  3 boulder beetles
  2 two-headed ogres
  4 death yaks (Lair:5)
  A large abomination (Abyss:2)
  Pikel (D:8)
  3 deep elf pyromancers
  An orc knight (D:12)
  3 cyclopes
  2 ugly things (D:12)
  A merfolk siren (Lair:2)
  2 elephants (Lair:5)
  5 black mambas
  17 cane toads
  Maggie (D:7)
  A rime drake (Lair:4)
  2 kobold demonologists (D:11)
  2 torpor snails
  2 unseen horrors
  8 komodo dragons
  A harpy zombie (Abyss:2)
  3 trolls
  3 tyrant leeches (Lair:5)
  Grinder (D:5)
  3 polar bears
  A hornet (D:9)
  4 raiju (Abyss:2)
  29 blink frogs
  A centaur simulacrum (Abyss:2)
  A shadow (D:12)
  A ynoxinul (Abyss:2)
  8 humans (D:13)
  3 wyverns
  3 wraiths
  2 basilisks (Lair:5)
  A steam dragon (D:8)
  A redback (Lair:2)
  A small abomination (Abyss:2)
  39 yaks
  2 neqoxecs (Abyss:2)
  6 vampire mosquitoes
  10 water moccasins
  Duvessa (D:7)
  2 acid dragons
  5 orc warriors
  A swamp drake (D:11)
  3 ogres (D:5)
  5 centaurs
  2 lemures (D:8)
  2 phantoms (D:6)
  8 kobold brigands
  15 bullfrogs
  A necrophage (D:8)
  3 scorpions
  2 two-headed ogre simulacra (D:11)
  5 wights (D:10)
  Dowan (D:7)
  2 howler monkeys
  2 electric eels (Lair:5)
  4 jellies
  4 hounds
  A gnoll bouda (D:8)
  10 orc priests
  4 iguanas
  8 orc wizards
  A spriggan simulacrum (D:11)
  A troll simulacrum (D:11)
  8 mummies (Ossuary)
  10 gnolls
  6 adders
  4 shadow imps
  A white imp (D:6)
  2 ufetubi
  4 worms
  3 dart slugs
  32 orcs
  3 bats
  7 endoplasms
  5 giant cockroaches
  2 gnoll zombies (Ossuary)
  7 hobgoblins
  4 jackals (D:4)
  35 kobolds
  5 quokkas
  7 ball pythons
  4 frilled lizards
  5 goblins
  A hobgoblin zombie (Ossuary)
  A kobold zombie (Ossuary)
  4 orc zombies (Ossuary)
  4 rats
449 creatures vanquished.

Vanquished Creatures (collateral kills)
  An elephant (Lair:5)
  2 blink frogs (Lair:5)
  A vampire mosquito (Lair:5)
  5 ballistomycete spores (Lair:3)
9 creatures vanquished.

Vanquished Creatures (others)
  An orc wizard (D:10)
  A bush (Lair:5)
  21 fungi
  112 plants
  6 withered plants (D:4)
141 creatures vanquished.

Grand Total: 599 creatures vanquished

Notes
Turn   | Place    | Note
-------+----------+-------------------------------------------
     0 | D:1      | porpoise the Demonspawn Gladiator began the quest for the
                  | Orb.
     0 | D:1      | Reached XP level 1. HP: 16/16 MP: 1/1
   234 | D:1      | Reached skill level 3 in Polearms
   234 | D:1      | Gained mutation: You are partially covered in sharp spines.
                  | [demonic ancestry]
   234 | D:1      | Reached XP level 2. HP: 21/22 MP: 2/2
   419 | D:1      | Found a faded altar of an unknown god.
   908 | D:2      | Reached XP level 3. HP: 28/28 MP: 3/3
  2051 | D:3      | Gained mutation: Your touch may inflict minor irresistible
                  | damage on your foes. [demonic ancestry]
  2051 | D:3      | Reached XP level 4. HP: 33/34 MP: 4/4
  2229 | D:3      | Found Vustrar's General Store.
  2237 | D:3      | Bought a potion of curing for 33 gold pieces
  2237 | D:3      | Bought a scroll of fog for 44 gold pieces
  2237 | D:3      | Bought a potion of degeneration for 11 gold pieces
  2381 | D:3      | Found a burning altar of Makhleb.
  2381 | D:3      | Found a snail-covered altar of Cheibriados.
  2474 | D:4      | Noticed a scorpion
  2479 | D:4      | Killed a scorpion
  2480 | D:4      | Reached skill level 4 in Polearms
  2480 | D:4      | Reached XP level 5. HP: 41/41 MP: 5/5
  2719 | D:4      | Found a sand-covered staircase.
  2761 | Ossuary  | Entered an ossuary
  3045 | Ossuary  | Gained mutation: Your touch may inflict irresistible damage
                  | on your foes. [demonic ancestry]
  3045 | Ossuary  | Reached XP level 6. HP: 47/47 MP: 6/6
  3428 | D:4      | Reached skill level 5 in Polearms
  3512 | D:4      | Found an ancient bone altar of Kikubaaqudgha.
  3740 | D:5      | Entered Level 5 of the Dungeon
  3764 | D:5      | Noticed a water moccasin
  3772 | D:5      | Killed a water moccasin
  3773 | D:5      | Gained mutation: You regenerate a little health from kills.
                  | [demonic ancestry]
  3773 | D:5      | Reached XP level 7. HP: 46/54 MP: 7/7
  3961 | D:5      | Reached skill level 6 in Polearms
  4029 | D:5      | Noticed Grinder
  4035 | D:5      | Paralysed by Grinder for 2 turns
  4044 | D:5      | Killed Grinder
  4045 | D:5      | Reached skill level 5 in Fighting
  4045 | D:5      | Reached skill level 7 in Polearms
  4045 | D:5      | Gained mutation: You are partially covered in slimy green
                  | scales. (AC +2) [demonic ancestry]
  4045 | D:5      | Reached XP level 8. HP: 4/62 MP: 8/8
  4045 | D:5      | HP: 3/62 [iguana (7)]
  4046 | D:5      | Gained mutation: You are dopey. (Int -2) [potion of
                  | mutation]
  5242 | D:6      | Reached skill level 8 in Polearms
  5597 | D:6      | Found a hazy altar of Hepliaklqana.
  5597 | D:6      | Found a sacrificial altar of Ru.
  5639 | D:6      | Found an opulent altar of Gozag.
  5640 | D:6      | Found a bloodstained altar of Trog.
  6033 | D:6      | Reached XP level 9. HP: 71/71 MP: 9/9
  6611 | D:7      | Reached skill level 9 in Polearms
  7003 | D:7      | Noticed Maggie
  7015 | D:7      | Killed Maggie
  7016 | D:7      | Reached skill level 1 in Armour
  7472 | D:7      | Found a staircase to the Ecumenical Temple.
  7472 | D:7      | Noticed Duvessa
  7472 | D:7      | Noticed Dowan
  7482 | D:7      | Killed Duvessa
  7488 | D:7      | Killed Dowan
  7527 | Temple   | Entered the Ecumenical Temple
  7603 | Temple   | Became a worshipper of Fedhas Madash
  7669 | D:7      | Identified the +5 flail of Offence {chaos, rElec rF- rN+
                  | rCorr}
  7849 | D:8      | Reached skill level 1 in Invocations
  8042 | D:8      | Reached skill level 10 in Polearms
  8251 | D:8      | Reached * piety under Fedhas
  8554 | D:8      | Noticed Pikel
  8563 | D:8      | Killed Pikel
  8564 | D:8      | Reached XP level 10. HP: 63/79 MP: 11/13
  8642 | D:8      | Noticed a cyclops
  8644 | D:8      | Noticed a black mamba
  8649 | D:8      | Noticed a cyclops
  8676 | D:8      | a black mamba changed into a black bear
  8730 | D:8      | Noticed a cyan ugly thing
  8732 | D:8      | Noticed an entropy weaver
  8736 | D:8      | You fall into a shaft and drop 2 floors!
  8736 | D:10     | Entered Level 10 of the Dungeon
  8736 | D:10     | Found a staircase to the Lair.
  8770 | D:10     | Reached skill level 5 in Invocations
  9482 | D:9      | Found a sparkling altar of Nemelex Xobeh.
  9523 | D:6      | Found a hide-covered altar of Uskayaw.
  9950 | D:9      | Found a shadowy altar of Dithmenos.
 10076 | D:9      | Found Luegaevu's Weapon Shop.
 10213 | D:10     | Reached skill level 5 in Armour
 10243 | D:10     | Reached ** piety under Fedhas
 10349 | D:10     | Noticed a two-headed ogre
 10362 | D:10     | Killed a two-headed ogre
 10363 | D:10     | Reached skill level 11 in Polearms
 10729 | D:11     | Noticed a two-headed ogre
 10738 | D:11     | Reached skill level 1 in Evocations
 10743 | D:11     | Killed a two-headed ogre
 11234 | D:11     | Reached XP level 11. HP: 81/84 MP: 16/16
 11270 | D:11     | Reached skill level 5 in Dodging
 11327 | D:11     | Identified the +2 dagger "Hefaheph" {freeze, rPois Str-2
                  | Dex+3 Stlth+}
 11610 | D:11     | Noticed a boulder beetle
 11625 | D:11     | Killed a boulder beetle
 11840 | D:11     | Reached *** piety under Fedhas
 12000 | D:11     | Found a staircase to the Orcish Mines.
 12018 | D:11     | Reached skill level 12 in Polearms
 12018 | D:11     | Reached skill level 5 in Evocations
 12266 | Lair:1   | Entered Level 1 of the Lair of Beasts
 13317 | Lair:1   | Lost mutation: You are dopey. (Int -2) [potion of mutation]
 13317 | Lair:1   | Gained mutation: You occasionally lose the ability to read
                  | scrolls when taking damage. [potion of mutation]
 13317 | Lair:1   | Gained mutation: You are partially covered in large bone
                  | plates. (SH +4) [potion of mutation]
 13317 | Lair:1   | Gained mutation: You are dopey. (Int -2) [potion of
                  | mutation]
 13317 | Lair:1   | Gained mutation: You have a pair of small horns on your
                  | head. [potion of mutation]
 13318 | Lair:1   | Lost mutation: You are dopey. (Int -2) [potion of mutation]
 13318 | Lair:1   | Lost mutation: You are partially covered in large bone
                  | plates. (SH +4) [potion of mutation]
 13318 | Lair:1   | Lost mutation: You occasionally lose the ability to read
                  | scrolls when taking damage. [potion of mutation]
 13318 | Lair:1   | Gained mutation: Your flesh is cold resistant. (rC+)
                  | [potion of mutation]
 13318 | Lair:1   | Gained mutation: You have supernaturally acute eyesight.
                  | (SInv) [potion of mutation]
 13803 | Lair:2   | Found a staircase to the Shoals.
 13866 | Lair:2   | Found a hole to the Spider Nest.
 14054 | Lair:2   | Noticed a six-headed hydra
 14061 | Lair:2   | Gained mutation: You regenerate health from kills. [demonic
                  | ancestry]
 14061 | Lair:2   | Reached XP level 12. HP: 83/94 MP: 18/18
 14063 | Lair:2   | Reached **** piety under Fedhas
 14075 | Lair:2   | Killed a six-headed hydra
 14694 | Lair:3   | Reached skill level 13 in Polearms
 15210 | Lair:3   | You fall into a shaft and drop 1 floor!
 15232 | Lair:4   | Noticed a six-headed hydra
 15237 | Lair:4   | Killed a six-headed hydra
 15444 | Lair:4   | Found a runed translucent gate.
 15444 | Lair:4   | Found a runed translucent gate.
 15446 | Lair:4   | Noticed a boulder beetle
 15447 | Lair:4   | Found a runed translucent gate.
 15447 | Lair:4   | Noticed a boulder beetle
 15447 | Lair:4   | Noticed a minotaur
 15448 | Lair:4   | Noticed Piwky's ghost (journeyman TrMo)
 16061 | Lair:4   | Found a viscous altar of Jiyva.
 16061 | Lair:4   | Found a staircase to the Slime Pits.
 16252 | Lair:5   | Entered Level 5 of the Lair of Beasts
 16708 | Lair:5   | Noticed a death yak
 16708 | Lair:5   | Noticed a death yak
 16708 | Lair:5   | Noticed a death yak
 16710 | Lair:5   | Noticed a death yak
 16731 | Lair:4   | Reached skill level 10 in Fighting
 16891 | Lair:5   | Reached ***** piety under Fedhas
 17003 | Lair:5   | Noticed a four-headed hydra
 17016 | Lair:5   | Killed a four-headed hydra
 17017 | Lair:5   | Noticed a six-headed hydra
 17027 | Lair:5   | Killed a six-headed hydra
 17069 | Lair:5   | Gained mutation: You are mostly covered in slimy green
                  | scales. (AC +3) [demonic ancestry]
 17069 | Lair:5   | Reached XP level 13. HP: 93/104 MP: 19/19
 17298 | Lair:5   | Reached skill level 14 in Polearms
 17818 | Lair:5   | Identified the +1 robe "Kop Curr" {rCorr Str+2}
 18066 | Lair:5   | Reached skill level 10 in Invocations
 19293 | D:12     | Got the Book of Virulent Flames
 20170 | D:13     | Reached XP level 14. HP: 116/116 MP: 22/22
 20713 | Abyss:2  | Cast into level 2 of the Abyss (a wizard)
 20819 | Abyss:2  | Noticed a lich
 20834 | Abyss:2  | Killed a lich
 20834 | Abyss:2  | Reached ****** piety under Fedhas
 20883 | Abyss:2  | Gained mutation: You are frail. (-10% HP) [a neqoxec]
 20884 | Abyss:2  | Gained mutation: Potions are less effective at restoring
                  | your health. [a neqoxec]
 20892 | Abyss:2  | Gained mutation: You are dopey. (Int -2) [a neqoxec]
 20958 | Abyss:2  | Noticed a starcursed mass
 20964 | Abyss:2  | Noticed a reaper
 20964 | Abyss:2  | Gained mutation: Armour fits poorly on your strangely
                  | shaped body. [a neqoxec]
 20966 | Abyss:2  | Gained mutation: Potions cannot restore your health. [a
                  | neqoxec]
 20968 | Abyss:2  | Slain by a reaper

Illustrated notes

Levels and vault maps discovered:
D:1:      minmay_arrival_four_houses, layout_loops_ring,
          shapermc_ecumenical_altar_gd
D:2:      layout_loops_corners
D:3:      layout_rooms, gammafunk_temple_overflow_forgotten, serial_shops,
          nicolae_square_shop
D:4:      layout_cave_pools, kiku_gazebo_garden_becter,
          nicolae_ossuary_entry_false_entrances
D:5:      layout_basic, uniq_grinder
D:6:      minmay_recursive_quarters, layout_loops_ring, lemuel_tele_altar,
          nicolae_overflow_hidden_temple
D:7:      layout_loops_ring, minmay_temple_entry_statues_pillars, uniq_duvessa,
          uniq_maggie
D:8:      layout_layer_cave, kb_lookout_dungeons_type, chequers_mini_garden,
          onia_ninara_dug_in_and_dangerous, uniq_pikel
D:9:      layout_rooms, grunt_dithmenos_smoke_and_mirrors,
          mainiacjoe_overflow_alcove_1, serial_shops, nicolae_take_the_stairs,
          serial_park_tiny_2, roderic_serpentine_path
D:10:     layout_cave_pools, lair_entry_dummy
D:11:     layout_cave_pools, erik_orc_1, portal_ice_cave_entry_ice_simulacra
D:12:     layout_stronghold, serial_co_window_serial,
          co_window_of_opportunity_a, co_window_cross_1, co_window_corner_a,
          co_window_of_opportunity_a, co_window_paths_b,
          co_window_unsneaky_path_b, co_window_corner_cb, co_window_paths_c,
          co_window_broadway_a, co_window_paths_e, co_window_4corner_b,
          glass_columns_a, glass_columns_c, glass_columns_c, glass_columns_a,
          glass_columns_b
D:13:     layout_roguey, grunt_vaults_entry_tiered
Temple:   eino_wide_crystal_templ
Lair:1:   layout_chaotic_city, grunt_megastairs_5
Lair:2:   layout_regular_city, minmay_shoals_entry_lonely_mermaid,
          spider_nest_entry_rubble
Lair:3:   layout_long_grid, serial_bayou_lagoon_b, grunt_megastairs_4
Lair:4:   layout_gridlike, dpeg_slime_entry_enclosed,
          maelrawn_ghost_gauntlet_escape, infiniplex_staircase_pool
Lair:5:   minmay_lair_end_frog_pond, layout_cave_shapes, minivault_27,
          grunt_forest_small_clearings, lemuel_old_faithful
Abyss:2:  base: Lair:2, serial_sigils_hangedman_quiver,
          hangedman_abyss_or_decor_passed

Skill      XL: |  1  2  3  4  5  6  7  8  9 10 11 12 13 14 |
---------------+-------------------------------------------+-----
Polearms       | 3 4 5 7 8 10 11 12 13 14 | 14.0
Throwing       | 2 3 |  3.8
Fighting       | 3 4 5 6 7 8 10 12 13 | 13.1
Armour         | 3 5 7 |  7.0
Invocations    | 4 7 9 11 12 | 12.0
Dodging        | 4 5 7 |  7.0
Evocations     | 2 5 7 |  7.0

Action                   |  1- 3 |  4- 6 |  7- 9 | 10-12 | 13-15 || total
-------------------------+-------+-------+-------+-------+-------++-------
Melee: Trident           |   115 |   130 |   241 |   587 |   506 ||  1579
       Punch             |     1 |     2 |     3 |     7 |     7 ||    20
       Touch             |       |    24 |    42 |   102 |    86 ||   254
       Headbutt          |       |       |       |    52 |   129 ||   181
 Fire: Sling             |       |       |     8 |     9 |       ||    17
Throw: Throwing net      |       |       |     3 |       |       ||     3
       Javelin           |       |       |     2 |       |       ||     2
       Dart              |       |       |     8 |     9 |     2 ||    19
Invok: Wall of Briars    |       |       |       |     1 |       ||     1
       Grow Ballistomyce |       |       |       |     1 |       ||     1
       Grow Oklob        |       |       |       |       |     3 ||     3
Evoke: Wand              |       |       |       |     9 |       ||     9
  Use: Scroll            |       |     8 |     8 |     7 |     2 ||    25
       Potion            |       |       |     4 |     5 |     1 ||    10
 Stab: Distracted        |       |     1 |       |       |     1 ||     2
       Invisible         |       |       |     2 |       |       ||     2
Armor: Leather armour    |    14 |    17 |     1 |       |       ||    32
       Ring mail         |       |       |    37 |       |       ||    37
       Swamp dragon scal |       |       |    32 |   149 |   110 ||   291
Dodge: Dodged            |    32 |    29 |    94 |   254 |   213 ||   622

Table legend: (Time is in decaauts)
 A = Elapsed time spent in this place.
 B = Non-inter-level travel time spent in this place.
 C = Inter-level travel time spent in this place.
 D = Time resting spent in this place.
 E = Time spent auto-exploring this place.
 F = Levels seen in this place.
 G = Mean time per level.
                   A        B        C        D        E       F      G
               +--------+--------+--------+--------+--------+-----+--------+
         Total |  20662 |  19838 |    824 |   6294 |  10064 |  21 |  983.9 |
       Dungeon |  13640 |  13067 |    573 |   3857 |   7102 |  13 | 1049.2 |
        Temple |     91 |     70 |     21 |      0 |     62 |   1 |   91.0 |
          Lair |   6137 |   5907 |    230 |   2074 |   2766 |   5 | 1227.4 |
         Abyss |    224 |    224 |      0 |    136 |      8 |   1 |  224.0 |
       Ossuary |    567 |    567 |      0 |    227 |    126 |   1 |  567.0 |
               +--------+--------+--------+--------+--------+-----+--------+

Top non-repeatable levels by time:
  Lair:4: 1651 daAuts
    D:12: 1527 daAuts
  Lair:5: 1461 daAuts
     D:7: 1424 daAuts
     D:8: 1412 daAuts
     D:6: 1354 daAuts
  Lair:2: 1290 daAuts
     D:5: 1211 daAuts
  Lair:1: 1178 daAuts
    D:11: 1138 daAuts
    D:10: 1111 daAuts
     D:2: 1093 daAuts
     D:1: 891 daAuts
     D:9: 740 daAuts
     D:3: 688 daAuts
